 Dungeon Crawl Stone Soup version 0.23.2-40-g277498a001 (webtiles) character file.

Game seed: 9979550016664176086

3726 Folks the Destroyer (level 9, -2/62 HPs)
             Began as a Demigod Conjurer on Aug 19, 2019.
             Slain by a two-headed ogre
             ... wielding a +0 giant club
              (8 damage)
             ... on level 8 of the Dungeon on Aug 20, 2019.
             The game lasted 00:31:16 (8430 turns).

Folks the Destroyer (Demigod Conjurer)              Turns: 8430, Time: 00:31:17

Health: -2/62      AC:  8    Str: 13    XL:     9   Next: 61%
Magic:  6/20       EV: 12    Int: 23    God:
Gold:   466        SH:  2    Dex: 16    Spells: 1/18 levels left

rFire    . . .     SeeInvis .   u - +2 dagger (speed)
rCold    + . .     Gourm    .   (no shield)
rNeg     + . .     Faith    .   H - +1 leather armour {rC+}
rPois    .         Spirit   .   v - +1 helmet
rElec    .         Reflect  +   (no cloak)
rCorr    .         Harm     .   y - +0 pair of gloves
MR       .....                  (no boots)
Stlth    +++.......             I - +2 amulet of reflection
HPRegen  0.20/turn              q - ring of positive energy
MPRegen  0.17/turn              s - ring of stealth

@: no status effects
A: high mp 1
a: no special abilities


You were on level 8 of the Dungeon.
You were not hungry.

You visited 1 branch of the dungeon, and saw 8 of its levels.

You collected 466 gold pieces.

Inventory:

Hand Weapons
 d - a +2 dagger of draining
 r - a +2 whip of flaming
 u - a +2 dagger of speed (weapon)
Missiles
 G - 2 throwing nets (quivered)
Armour
 a - a +0 robe
 l - a +0 pair of gloves
 v - a +1 helmet (worn)
 y - a +0 pair of gloves (worn)
 B - a +2 robe of positive energy
 F - a +0 ring mail
 H - a +1 leather armour of cold resistance (worn)
Jewellery
 q - a ring of positive energy (left hand)
 s - a ring of stealth (right hand)
 I - a +2 amulet of reflection (around neck)
 M - an uncursed amulet of the acrobat
Wands
 D - a wand of digging (7)
 K - a wand of iceblast (9)
Scrolls
 b - 2 scrolls of enchant armour
 f - 3 scrolls of remove curse
 i - a scroll of amnesia {unknown}
 j - 2 scrolls of enchant weapon {unknown}
 k - 2 scrolls of fog
 m - 9 scrolls of identify
 o - 6 scrolls of teleportation {unknown}
 w - a scroll of fear {unknown}
 x - a scroll of random uselessness {unknown}
 C - a scroll of blinking {unknown}
 E - 2 scrolls of magic mapping {unknown}
Potions
 e - a potion of agility {unknown}
 g - 3 potions of heal wounds {unknown}
 h - 4 potions of flight {unknown}
 n - 2 potions of degeneration
 p - 2 potions of curing {unknown}
 t - 2 potions of cancellation
 z - 2 potions of haste {unknown}
 A - a potion of mutation {unknown}
 J - a potion of might
 L - 2 potions of brilliance {unknown}
Comestibles
 c - 16 rations


   Skills:
 - Level 5.2 Armour
 + Level 2.2 Dodging
 - Level 1.7 Stealth
 - Level 5.1 Spellcasting
 * Level 8.0 Conjurations
 - Level 7.0 Hexes
 - Level 2.2 Translocations
 * Level 1.7 Evocations


You had one spell level left.
You knew the following spells:

 Your Spells              Type           Power        Failure   Level  Hunger
a - Magic Dart            Conj           ####         1%          1    None
b - Searing Ray           Conj           #####.       1%          2    None
c - Dazzling Spray        Conj/Hex       #####.       1%          3    ##.....
d - Fulminant Prism       Conj/Hex       #####.....   5%          4    ####...
e - Force Lance           Conj/Tloc      ####....     14%         4    ####...
f - Tukima's Dance        Hex            #####...     1%          3    ##.....

Your spell library contained the following spells:

 Spells                   Type           Power        Failure   Level  Hunger
 Corona                   Hex            #####..      1%          1    None
 Confuse                  Hex            #####...     1%          3    ##.....
 Ensorcelled Hibernation  Hex/Ice        ###...       4%          2    None
 Iskenderun's Mystic Bla  Conj           #####...     4%          4    ####...


Dungeon Overview and Level Annotations

Branches:
Dungeon (8/15)             Temple (0/1) D:6
   Lair: D:8-11

Annotations:
D:4 Edmund
D:7 3 runed translucent doors, Jabberih's ghost, novice VSNe


Innate Abilities, Weirdness & Mutations

You have an increased reservoir of magic. (+10% MP)


Message History

The centaur wields a +0 shortbow of freezing.
It is covered in frost.
The centaur shoots an arrow.
The arrow hits you.
You see here an arrow.
A two-headed ogre comes into view. It is wielding two +0 giant clubs.
The centaur shoots an arrow.
The arrow closely misses you.
An orc comes into view. It is wielding a +0 flail.
The orc shouts!
The centaur shoots an arrow.
The arrow hits you.
The two-headed ogre hits you with a +0 giant club!!
The two-headed ogre hits you with a +0 giant club!
The centaur shoots an arrow.
The arrow barely misses you.
Found a hunting sling.
Items here: ( )) [[ 2 arrows; a +0 dagger; a +0 robe; a +0 hand axe; a +0 chain mail The centaur shoots an arrow.
The arrow hits you.
* * * LOW HITPOINT WARNING * * *
The two-headed ogre hits you with a +0 giant club!
* * * LOW HITPOINT WARNING * * *
The two-headed ogre hits you with a +0 giant club!
You die...

#....................
###.###.###############
...............
###.#...####### ##.รท#
#...# #...##### #
#.((.<..# #).##@######
#....(O....#
......#.####.#
.....<#.# ##### #.# ...
c.. .o# #..#


You could see a two-headed ogre, a centaur and an orc.

Vanquished Creatures
  Pikel (D:6)
  Grinder (D:3)
  A spriggan (D:7)
  Sigmund (D:5)
  Menkaure (D:5)
  2 slaves (D:6)
  2 orc warriors
  An ice beast (D:5)
  A necrophage (D:8)
  6 ogres
  A centaur (D:8)
  6 bullfrogs
  2 scorpions
  4 killer bees (D:7)
  A howler monkey (D:8)
  A bullfrog zombie (D:8)
  A centaur zombie (D:8)
  2 gnoll shamans
  2 hounds
  A jelly (D:5)
  2 centaur skeletons
  2 orc priests
  5 orc wizards
  An iguana (D:7)
  5 worker ants
  A hound skeleton (D:2)
  Robin (D:3)
  8 gnolls
  6 adders
  3 shadow imps
  3 adder skeletons
  5 worms
  10 dart slugs
  6 leopard geckos
  21 orcs
  6 giant cockroaches
  12 hobgoblins
  10 jackals
  6 kobolds
  6 quokkas
  2 ball pythons
  5 bats
  9 frilled lizards
  16 goblins
  A jackal skeleton (D:6)
  A leopard gecko skeleton (D:4)
  10 rats
201 creatures vanquished.

Vanquished Creatures (others)
  An orc wizard (D:5)
  25 fulminant prisms
26 creatures vanquished.

Grand Total: 227 creatures vanquished

Notes
Turn   | Place    | Note
-------+----------+-------------------------------------------
     0 | D:1      | Folks the Demigod Conjurer began the quest for the Orb.
     0 | D:1      | Reached XP level 1. HP: 14/14 MP: 5/5
   450 | D:1      | Reached XP level 2. HP: 20/20 MP: 4/7
   563 | D:1      | Learned a level 2 spell: Searing Ray
  1044 | D:2      | Noticed a scorpion
  1050 | D:2      | Killed a scorpion
  1050 | D:2      | Reached skill level 4 in Conjurations
  1050 | D:2      | Reached XP level 3. HP: 26/26 MP: 3/10
  1055 | D:2      | Learned a level 3 spell: Dazzling Spray
  1246 | D:2      | Found a faded altar of an unknown god.
  1270 | D:2      | Reached XP level 4. HP: 33/33 MP: 4/11
  1758 | D:2      | Found a hazy altar of Hepliaklqana.
  1765 | D:2      | Reached skill level 1 in Hexes
  2076 | D:3      | Noticed Grinder
  2345 | D:3      | Paralysed by Grinder for 2 turns
  2361 | D:3      | Killed Grinder
  2361 | D:3      | Reached XP level 5. HP: 14/38 MP: 0/13
  2361 | D:3      | Reached XP level 6. HP: 16/45 MP: 0/15
  2659 | D:3      | Noticed Robin
  2764 | D:3      | Killed Robin
  2894 | D:3      | Found a sparkling altar of Nemelex Xobeh.
  2953 | D:3      | Learned a level 4 spell: Fulminant Prism
  3100 | D:3      | Found a burning altar of Makhleb.
  3156 | D:3      | Found a burning altar of Makhleb.
  3156 | D:3      | Noticed a balrug
  3160 | D:3      | Reached skill level 5 in Conjurations
  3620 | D:5      | Entered Level 5 of the Dungeon
  3628 | D:5      | Reached XP level 7. HP: 47/50 MP: 7/16
  3955 | D:5      | Noticed Sigmund
  4176 | D:5      | Learned a level 4 spell: Force Lance
  4356 | D:5      | Killed Sigmund
  4412 | D:5      | Noticed Menkaure
  4417 | D:5      | Killed Menkaure
  4417 | D:5      | Reached skill level 5 in Hexes
  4574 | D:5      | Noticed Edmund
  4847 | D:5      | Reached skill level 5 in Spellcasting
  4847 | D:5      | Reached XP level 8. HP: 57/57 MP: 10/19
  5117 | D:5      | Learned a level 3 spell: Tukima's Dance
  5653 | D:5      | Reached skill level 6 in Conjurations
  5860 | D:6      | Found a shimmering altar of Xom.
  5915 | D:6      | Found a staircase to the Ecumenical Temple.
  5936 | D:6      | Noticed Pikel
  5945 | D:6      | Killed Pikel
  6071 | D:6      | Found a stormy altar of Qazlal.
  6653 | D:7      | Reached skill level 1 in Armour
  7005 | D:7      | Reached XP level 9. HP: 40/62 MP: 8/20
  7006 | D:7      | Reached skill level 7 in Conjurations
  7205 | D:7      | Found a runed translucent gate.
  7377 | D:7      | Noticed Jabberih's ghost (novice VSNe)
  7377 | D:7      | Identified the cursed +3 battleaxe "Kituo" {flame, rF-
                  | Str+8 Dex+4 Stlth+}
  7378 | D:7      | Found a runed translucent gate.
  7393 | D:7      | Found a runed translucent gate.
  7399 | D:7      | Found a roughly hewn altar of Beogh.
  7451 | D:7      | Found a shadowy altar of Dithmenos.
  7895 | D:8      | Reached skill level 5 in Armour
  8238 | D:8      | Found a glowing golden altar of the Shining One.
  8273 | D:8      | Reached skill level 1 in Evocations
  8422 | D:8      | Reached skill level 8 in Conjurations
  8428 | D:8      | Noticed a two-headed ogre
  8430 | D:8      | Slain by a two-headed ogre

Skill      XL: |  1  2  3  4  5  6  7  8  9 |
---------------+----------------------------+-----
Spellcasting   | 2 3 4 5 |  5.1
Conjurations   | 4 5 6 8 |  8.0
Hexes          | 2 3 5 7 |  7.0
Translocations | 2 |  2.2
Armour         | 2 5 |  5.2
Dodging        | 2 |  2.2
Evocations     | 1 |  1.7
Stealth        | |  1.7

Action                   |  1- 3 |  4- 6 |  7- 9 || total
-------------------------+-------+-------+-------++-------
Melee: Dagger            |    55 |   114 |   111 ||   280
       Unarmed           |     1 |       |       ||     1
 Cast: Magic Dart        |    14 |    12 |     9 ||    35
       Searing Ray       |     5 |    24 |    48 ||    77
       Dazzling Spray    |       |     5 |     5 ||    10
       Fulminant Prism   |       |     3 |    22 ||    25
       Force Lance       |       |       |    18 ||    18
       Tukima's Dance    |       |       |     1 ||     1
  Use: Scroll            |       |     2 |     7 ||     9
       Potion            |       |       |     4 ||     4
 Stab: Sleeping          |     1 |     5 |       ||     6
       Invisible         |       |     1 |       ||     1
  Eat: Chunk             |     1 |     9 |    18 ||    28
       Ration            |       |       |     1 ||     1
Armor: Robe              |    12 |    24 |    27 ||    63
       Leather armour    |       |       |    13 ||    13
Dodge: Dodged            |    35 |    71 |   115 ||   221
Block: Other             |       |       |     1 ||     1
